 Dungeon Crawl Stone Soup version bcrawl-1.37.2 (webtiles) character file.

Game seed: 18103860822791006916

238006 Mehrunes the Jinx (level 11, -5/67 HPs)
             Began as an Avariel Enchanter on Nov 9, 2022.
             Was a Believer of Dithmenos.
             Slain by a death knight
             ... wielding a +1 great mace
              (29 damage)
             ... on level 9 of the Dungeon.
             The game lasted 00:32:20 (15313 turns).

Mehrunes the Jinx (Avariel Enchanter)              Turns: 15313, Time: 00:32:20

Health: -5/67      AC: 13    Str:  6    XL:     11   Next: 45%
Magic:  4/20       EV: 17    Int: 29    God:    Dithmenos [**....]
Gold:   1026       SH:  0    Dex: 13    Spells: 4/20 levels left

rFire    . . .     GDR:     25% s - +2 dagger (freeze)
rCold    . . .     SeeInvis .   (no shield)
rNeg     . . .     Gourm    .   z - +2 robe of the Cockatrice {Int+4}
rPois    .         Faith    .   t - +0 helmet
rElec    .         Spirit   .   g - +0 cloak
rCorr    .         Reflect  .   I - +0 pair of gloves
MR       +....                  D - +0 pair of boots (curse)
Stlth    ++++++....             (no amulet)
HPRegen  0.21/turn              B - +1 ring of protection
MPRegen  0.17/turn              c - +4 ring of protection

@: flying quickly and evasively, wreathed by umbra, quick
A: able to fly
a: Stop Flying, Shadow Step, Renounce Religion


You were on level 9 of the Dungeon.
You worshipped Dithmenos.
Dithmenos was pleased with you.
You were not hungry.

You visited 2 branches of the dungeon, and saw 10 of its levels.

You collected 1026 gold pieces.

Inventory:

Hand Weapons
 s - a +2 dagger of freezing (weapon)
 G - the +6 dagger of the Queen {flame, -Tele rF+++ Str+6 Int-4, unknown}
   (You found it on level 7 of the Dungeon)

   It has been specially enchanted to surge with flame as it hits, increasing
   damage dealt by approximately one third against foes not resistant or
   susceptible to fire.
   It affects your strength (+6).
   It affects your intelligence (-4).
   It renders you almost immune to fire.
   It prevents most forms of teleportation.
Armour
 g - a +0 cloak (worn)
 t - a +0 helmet (worn)
 z - the +2 robe of the Cockatrice (worn) {Int+4}
   (You found it on level 5 of the Dungeon)

   It affects your intelligence (+4).
 D - a cursed +0 pair of boots (worn)
 I - a +0 pair of gloves (worn)
Jewellery
 c - a +4 ring of protection (right hand)
 n - the ring "Hiniaroo" {rF+ Stlth--}
   (You found it on level 2 of the Dungeon)

   [ring of attention]

   It protects you from fire.
   It makes you much less stealthy.
 p - a +3 ring of dexterity
 w - a +6 ring of strength {unknown}
 B - a +1 ring of protection (left hand)
Wands
 b - a wand of acid (5)
 F - a wand of paralysis (9)
 H - a wand of random effects (11)
Scrolls
 d - a scroll of fog
 f - a scroll of fear {unknown}
 h - 3 scrolls of enchant armour {unknown}
 i - 5 scrolls of identify
 l - 3 scrolls of amnesia
 m - 3 scrolls of blinking
 q - 2 scrolls of magic mapping {unknown}
 r - 3 scrolls of teleportation {unknown}
 y - 4 scrolls of remove curse {unknown}
 A - a scroll of noise {unknown}
 C - 2 scrolls of vulnerability {unknown}
 L - a scroll of immolation {unknown}
Potions
 a - a potion of flight
 j - a potion of resistance {unknown}
 k - 2 potions of brilliance
 o - a potion of cancellation {unknown}
 u - 4 potions of curing
 v - 2 potions of agility
 x - a potion of mutation {unknown}
 E - a potion of heal wounds {unknown}
 J - a potion of haste
Comestibles
 e - 8 rations {!d}
 K - a chunk of flesh


   Skills:
 + Level 7.1 Fighting
 + Level 8.9 Short Blades
 - Level 5.0 Dodging
 + Level 10.2 Stealth
 - Level 5.0 Spellcasting
 + Level 11.0 Hexes


You had 4 spell levels left.
You knew the following spells:

 Your Spells              Type           Power        Failure   Level  Hunger
a - Slow                  Hex            ######..     1%          1    None
b - Ensorcelled Hibernat  Hex/Ice        #####.       1%          2    None
c - Confuse               Hex            ######..     1%          3    ###....
d - Dazzling Orbs         Conj/Hex       #####..      1%          3    ###....
e - Tukima's Dance        Hex            ######..     1%          3    ###....
f - Cause Fear            Hex            ######....   1%          4    #####..

Your spell library contained the following spells:

 Spells                   Type           Power        Failure   Level  Hunger


Dungeon Overview and Level Annotations

Branches:
Dungeon (9/12)             Temple (1/1) D:6            Lair (0/6) D:8
    Orc: D:8-11

Altars:
Ashenzari
Cheibriados
Dithmenos
Elyvilon
Fedhas
Gozag
Hepliaklqana
Kikubaaqudgha
Lugonu
Makhleb
Nemelex Xobeh
Okawaru
Qazlal
Ru
Sif Muna
Trog
Uskayaw
Vehumet
Wu Jian
Xom
Yredelemnul
Zin
The Shining One

Annotations:
D:3 exclusions: phantom, upstairs and 11 more exclusions


Innate Abilities, Weirdness & Mutations

You can fly continuously.


Message History

Okay, then.
Press: ? - help, v - describe, . - travel
Here: a death knight, wielding a +1 great mace and wearing a cursed +0 chain mail (reflecting injuries)
Casting: Dazzling Orbs (safe; 1% risk of failure)
Confirm with . or Enter, or press ? or * to list all spells.
Aiming: Dazzling Orbs (safe; 1% risk of failure)
Press: ? - help, Shift-Dir - straight line, f/p - death knight
Aim: a death knight, wielding a +1 great mace and wearing a cursed +0 chain mail (reflecting injuries)
The radiant glob misses the death knight.
The death knight invokes the aid of Yredelemnul against you.
You struggle to resist.
Casting: Dazzling Orbs (safe; 1% risk of failure)
Confirm with . or Enter, or press ? or * to list all spells.
Aiming: Dazzling Orbs (safe; 1% risk of failure)
Press: ? - help, Shift-Dir - straight line, f/p - death knight
Aim: a death knight, wielding a +1 great mace and wearing a cursed +0 chain mail (reflecting injuries)
The radiant glob hits the death knight but does no damage.
The death knight is blinded by the radiant glob.
The death knight hits you with a +1 great mace!!
You die...

#### ....%.....
..... ..........
...#. .. ......
....(#####. #...#
...#......
###...###.#
.......#
#<........# #.#...#
#.#.######
#..(รท####p....##
###.....@......#
#..######...(......
#..# ##...######
.........# ##.##
....###..# #.# ##
#..# #.# #).# #.#
#..# #.# #..#


You could see a death knight (blind).

Vanquished Creatures
  6 death yaks
  Grinder (D:4)
  A hippogriff (D:4)
  Sigmund (D:4)
  Eustachio (D:5)
  Grum (D:8)
  3 yaks (D:8)
  Menkaure (D:7)
  A hungry ghost (D:8)
  A water moccasin (D:8)
  Duvessa (D:4)
  2 black bears
  3 orc warriors
  5 phantoms
  An ice beast (D:8)
  2 sky beasts
  4 ogres
  2 wolves
  4 bullfrogs
  A kobold brigand (D:6)
  Dowan (D:4)
  4 centaurs
  A scorpion (D:5)
  6 orc priests
  10 crimson imps
  A howler monkey (D:4)
  3 hounds
  A quasit (D:6)
  A jelly (D:8)
  A gnoll shaman (D:7)
  An iguana (D:5)
  10 orc wizards
  8 worker ants
  A worker ant zombie (D:7)
  Robin (D:4)
  9 gnolls
  8 adders
  2 shadow imps
  2 oozes
  3 adder skeletons
  4 worms
  3 dart slugs
  6 leopard geckos
  40 orcs
  A giant cockroach (D:1)
  2 goblins (D:2)
  4 hobgoblins
  18 jackals
  11 kobolds
  2 quokkas
  2 ball pythons (D:1)
  6 bats
  2 frilled lizards (D:3)
  3 rats
220 creatures vanquished.

Vanquished Creatures (collateral kills)
  A gnoll (D:5)
1 creature vanquished.

Vanquished Creatures (others)
  An orc (D:8)
1 creature vanquished.

Grand Total: 222 creatures vanquished

Notes
Turn   | Place    | Note
-------+----------+-------------------------------------------
     0 | D:1      | Mehrunes the Avariel Enchanter began the quest for the Orb.
     0 | D:1      | Reached XP level 1. HP: 10/10 MP: 6/6
   367 | D:1      | Reached XP level 2. HP: 9/15 MP: 7/7
   398 | D:1      | Learned a level 2 spell: Ensorcelled Hibernation
   668 | D:1      | Reached skill level 4 in Hexes
   689 | D:1      | Reached XP level 3. HP: 19/19 MP: 3/9
   776 | D:1      | Learned a level 3 spell: Confuse
  1944 | D:2      | Got a clouded lapis lazuli ring
  2372 | D:3      | Reached XP level 4. HP: 24/24 MP: 11/11
  2392 | D:3      | Learned a level 3 spell: Dazzling Orbs
  2450 | D:2      | HP: 1/24 [poisoned by a worker ant]
  2575 | D:3      | Noticed a bullfrog
  2733 | D:3      | Killed a bullfrog
  2734 | D:3      | Reached XP level 5. HP: 7/28 MP: 5/13
  2843 | D:3      | Noticed a phantom
  3153 | D:3      | Killed a phantom
  3154 | D:3      | Reached skill level 5 in Hexes
  3154 | D:3      | Reached XP level 6. HP: 28/32 MP: 7/14
  3922 | D:3      | Reached skill level 5 in Stealth
  4251 | D:3      | Reached skill level 5 in Spellcasting
  4631 | D:3      | Reached skill level 6 in Hexes
  4631 | D:3      | Reached XP level 7. HP: 29/36 MP: 6/16
  4813 | D:3      | Learned a level 3 spell: Tukima's Dance
  4818 | D:3      | Learned a level 4 spell: Cause Fear
  4853 | D:4      | Noticed Duvessa
  4853 | D:4      | Noticed Dowan
  4862 | D:4      | Killed Duvessa
  4866 | D:4      | Killed Dowan
  4867 | D:4      | Reached skill level 1 in Fighting
  5081 | D:4      | Noticed Grinder
  5252 | D:4      | Noticed Sigmund
  5252 | D:4      | Noticed a hippogriff
  5257 | D:4      | Killed Sigmund
  5258 | D:4      | Reached XP level 8. HP: 44/44 MP: 6/17
  5261 | D:4      | Killed a hippogriff
  5412 | D:4      | Reached skill level 7 in Hexes
  5422 | D:4      | Paralysed by Grinder for 2 turns
  5484 | D:4      | Killed Grinder
  5854 | D:4      | Noticed Robin
  5859 | D:4      | Killed Robin
  5926 | D:5      | Entered Level 5 of the Dungeon
  6077 | D:4      | Identified the ring "Hiniaroo" {rF+ Stlth--} (You found it
                  | on level 2 of the Dungeon)
  6627 | D:5      | Gained mutation: You can fly continuously. [Avariel growth]
  6627 | D:5      | Reached XP level 9. HP: 46/51 MP: 10/18
  7097 | D:5      | Reached skill level 5 in Short Blades
  7182 | D:5      | Noticed Eustachio
  7193 | D:5      | Killed Eustachio
  7194 | D:5      | Reached skill level 5 in Dodging
  7194 | D:5      | Reached skill level 8 in Hexes
  7372 | D:5      | Got a wizard robe
  7602 | D:6      | Found a staircase to the Ecumenical Temple.
  7616 | Temple   | Entered the Ecumenical Temple
  7901 | Temple   | Became a worshipper of Dithmenos the Shadowed
  9291 | D:7      | Identified the +2 robe of the Cockatrice {Int+4} (You found
                  | it on level 5 of the Dungeon)
  9598 | D:7      | Reached * piety under Dithmenos
  9776 | D:7      | Noticed Menkaure
  9914 | D:7      | Killed Menkaure
 10059 | D:7      | Reached skill level 9 in Hexes
 10127 | D:7      | Reached XP level 10. HP: 58/58 MP: 19/19
 10364 | D:7      | Got a buzzing dagger
 10460 | D:7      | Reached skill level 5 in Fighting
 11004 | D:8      | Noticed a death yak
 11004 | D:8      | Noticed a death yak
 11004 | D:8      | Noticed a death yak
 11006 | D:8      | Noticed a death yak
 11532 | D:8      | Reached ** piety under Dithmenos
 11690 | D:8      | Noticed a death yak
 11693 | D:8      | Noticed a death yak
 11861 | D:8      | Found an opulent altar of Gozag.
 11862 | D:8      | Found a snail-covered altar of Cheibriados.
 11918 | D:8      | Noticed Grum
 12060 | D:8      | Found a staircase to the Lair.
 12186 | D:8      | Killed Grum
 12465 | D:8      | Killed a death yak
 12466 | D:8      | Reached skill level 10 in Hexes
 12687 | D:8      | Killed a death yak
 12984 | D:8      | Reached XP level 11. HP: 66/66 MP: 20/20
 13312 | D:8      | Killed a death yak
 13419 | D:7      | Killed a death yak
 14072 | D:8      | Found a staircase to the Lair.
 14228 | D:8      | Found an opulent altar of Gozag.
 14229 | D:8      | Found a snail-covered altar of Cheibriados.
 15099 | D:8      | Killed a death yak
 15100 | D:8      | Reached skill level 10 in Stealth
 15104 | D:8      | Killed a death yak
 15105 | D:8      | Reached skill level 11 in Hexes
 15243 | D:9      | Noticed a death knight
 15313 | D:9      | Slain by a death knight

Skill      XL: |  1  2  3  4  5  6  7  8  9 10 11 |
---------------+----------------------------------+-----
Spellcasting   | 3 4 5 |  5.0
Hexes          | 4 5 6 7 9 10 11 | 11.0
Short Blades   | 2 3 4 6 8 |  8.9
Stealth        | 4 5 6 8 9 10 | 10.2
Fighting       | 1 3 4 6 7 |  7.1
Dodging        | 3 4 5 |  5.0

Action                   |  1- 3 |  4- 6 |  7- 9 | 10-12 || total
-------------------------+-------+-------+-------+-------++-------
Melee: Dagger            |    58 |    87 |   241 |   239 ||   625
 Cast: Slow              |     3 |     1 |     1 |       ||     5
       Ensorcelled Hiber |    17 |    48 |   111 |    69 ||   245
       Confuse           |     1 |    19 |    44 |    19 ||    83
       Cause Fear        |       |       |     3 |     3 ||     6
       Dazzling Orbs     |       |       |     2 |    56 ||    58
       Tukima's Dance    |       |       |     1 |       ||     1
  Use: Potion            |       |     3 |     1 |       ||     4
       Scroll            |       |       |     4 |     1 ||     5
 Stab: Sleeping          |    27 |    24 |    58 |    45 ||   154
       Confused          |     1 |     6 |    19 |     8 ||    34
       Invisible         |       |     1 |     3 |    21 ||    25
       Distracted        |       |       |     2 |       ||     2
  Eat: Chunk             |     5 |    10 |    23 |    12 ||    50
       Ration            |       |     1 |     2 |     5 ||     8
Armor: Robe              |    12 |     9 |    58 |    50 ||   129
Dodge: Dodged            |    37 |    56 |   206 |   179 ||   478
